 Dungeon Crawl Stone Soup version 0.28-b1-25-g9875b3fc8c (webtiles) character file.

Game seed: 7607091295451385421

11163 pkoi the Archer (level 11, -22/99 HPs)
             Began as a Minotaur Hunter on Feb 2, 2022.
             Was an Elder of Dithmenos.
             Killed by the air
             ... invoked by Gastronok
              (31 damage)
             ... on level 3 of the Lair of Beasts.
             The game lasted 00:18:16 (15598 turns).

pkoi the Archer (Minotaur Hunter)                  Turns: 15598, Time: 00:18:17

Health: -22/99     AC:  4    Str: 17    XL:     11   Next: 45%
Magic:  10/10      EV: 16    Int:  8    God:    Dithmenos [****..]
Gold:   531        SH:  0    Dex: 15    Spells: 10/10 levels left

rFire   . . .      SeeInvis .   a - +2 shortbow (elec)
rCold   + . .      Faith    +   (shield currently unavailable)
rNeg    . . .      Spirit   .   n - +2 leather armour {Will+}
rPois   .          Reflect  .   (helmet restricted)
rElec   .          Harm     +   A - scarf {harm}
rCorr   +          Rampage  .   (no gloves)
Will    +....                   u - +0 pair of boots
Stlth   +++++.....              s - amulet of faith
HPRegen 0.26/turn               f - ring of resist corrosion
MPRegen 0.12/turn               g - ring of flight

@: flying, slowed, wreathed by umbra, very slow
A: horns 2, retaliatory headbutt, cold resistance 1, deformed body
a: Renounce Religion, Shadow Step


You were on level 3 of the Lair of Beasts.
You worshipped Dithmenos.
Dithmenos was greatly pleased with you.
You visited 3 branches of the dungeon, and saw 13 of its levels.

You collected 531 gold pieces.

Inventory:

Hand Weapons
 a - a +2 shortbow of electrocution (weapon)
 b - a +0 short sword
 t - a +4 quarterstaff
Missiles
 d - 120 arrows (quivered ammo)
 k - 28 poisoned darts
Armour
 c - a +0 leather armour
 n - a +2 leather armour of willpower (worn)
 u - a +0 pair of boots (worn)
 A - a scarf of harm (worn)
Jewellery
 f - a ring of resist corrosion (left hand)
 g - a ring of flight (right hand)
 s - an amulet of faith (around neck)
 E - the ring "Ydihinn" {rPois rC- rN+++ Str+5 Dex+6}
   (You acquired it on level 1 of the Lair of Beasts)

   [ring of dexterity]

   Str:       It affects your strength (+5).
   Dex:       It affects your dexterity (+6).
   rC:        It makes you vulnerable to cold.
   rPois:     It protects you from poison.
   rN:        It renders you almost immune to negative energy.
Wands
 v - a wand of iceblast (12)
 x - a wand of digging (8)
 z - a wand of paralysis (7)
 C - a wand of acid (5)
 D - a wand of polymorph (3)
Scrolls
 e - a scroll of blinking {unknown}
 h - a scroll of brand weapon
 i - a scroll of enchant weapon
 j - a scroll of silence
 l - 3 scrolls of enchant armour
 m - 3 scrolls of teleportation
 w - a scroll of fog
 y - a scroll of identify
Potions
 o - a potion of berserk rage
 p - a potion of curing
 q - a potion of magic
 r - 2 potions of haste
 B - a potion of heal wounds


   Skills:
 + Level 10.0 Fighting
 + Level 13.6 Bows
 - Level 1.4 Armour
 - Level 9.0 Dodging
 + Level 7.3 Stealth


You had 10 spell levels left.
You didn't know any spells.
Your spell library contained the following spells:

 Spells                   Type           Power      Damage    Failure   Level
 Magic Dart               Conj           0%         1d3       45%         1
 Slow                     Hex            0%         N/A       45%         1
 Call Imp                 Summ           0%         N/A       61%         2
 Sublimation of Blood     Necr           0%         N/A       61%         2
 Wereblood                Tmut           0%         N/A       61%         2
 Confusing Touch          Hex            0%         N/A       83%         3
 Ignite Poison            Fire/Tmut/Pois 0%         N/A       83%         3
 Mephitic Cloud           Conj/Pois/Air  0%         N/A       83%         3
 Vampiric Draining        Necr           0%         2d6       83%         3
 Freezing Cloud           Conj/Ice/Air   0%         6-21      100%        5
 Summon Hydra             Summ           0%         N/A       100%        7


Dungeon Overview and Level Annotations

Branches:
Dungeon (9/15)             Temple (1/1) D:4            Lair (3/6) D:9
  Swamp (0/4) Lair:2        Snake (0/4) Lair:2
    Orc: D:9-12

Altars:
Ashenzari
Cheibriados
Dithmenos
Elyvilon
Fedhas
Gozag
Hepliaklqana
Kikubaaqudgha
Makhleb
Nemelex Xobeh
Okawaru
Qazlal
Ru
Sif Muna
Trog
Uskayaw
Vehumet
Wu Jian
Xom
Yredelemnul
Zin
The Shining One
Lugonu

Shops:
D:8 [

Annotations:
D:3 1 runed translucent door, Crazy Yiuf
D:6 3 runed translucent doors, cbfl8's ghost, weakling MiDe
Lair:3 Gastronok


Innate Abilities, Weirdness & Mutations

You have a pair of horns on your head.
You reflexively headbutt those who attack you in melee.
Your flesh is cold resistant. (rC+)
Armour fits poorly on your strangely shaped body.


Message History

Fire: 124 arrows
Press: ? - help, Q - select action, (/) - cycle Shift-Dir - straight line, f - Sonja, p - lurking horror
Aim: Sonja, wielding a +0 dagger of draining, quivering curare-tipped darts and carrying a wand of iceblast (1) (almost dead, 34% to hit)
You shoot an arrow. The arrow barely misses Sonja.
Your shadow shoots an arrow.
The arrow closely misses Sonja.
You feel sick.
Sonja mumbles some strange words.
Sonja blinks!
Fire: 123 arrows
Press: ? - help, Q - select action, (/) - cycle Shift-Dir - straight line, f/p - Sonja
Aim: Sonja, wielding a +0 dagger of draining, quivering curare-tipped darts and carrying a wand of iceblast (1) (almost dead, 34% to hit)
You shoot an arrow. The arrow closely misses Sonja.
You feel sick.
Sonja mumbles some strange words.
Sonja blinks!
Gastronok the Ponderous comes into view.
He is wearing a +2 hat of stealth.
Fire: 122 arrows
Press: ? - help, Q - select action, (/) - cycle Shift-Dir - straight line, f/p - Sonja
Aim: Sonja, wielding a +0 dagger of draining, quivering curare-tipped darts and carrying a wand of iceblast (1) (almost dead, umbra, 34% to hit)
You shoot an arrow. The arrow closely misses Sonja.
Your shadow shoots an arrow.
The arrow misses Sonja.
You feel sick.
Fire: 121 arrows
Press: ? - help, Q - select action, (/) - cycle Shift-Dir - straight line, f/p - Sonja
Aim: Sonja, wielding a +0 dagger of draining, quivering curare-tipped darts and carrying a wand of iceblast (1) (almost dead, umbra, 34% to hit)
You shoot an arrow. The arrow hits Sonja.
You kill Sonja!
Dithmenos accepts your kill.
You feel sick.
Gastronok sloshes about.
Your Fighting skill increases to level 10!
You feel sick.
You are no longer poisoned.
Your body is wracked with pain!
* * * LOW HITPOINT WARNING * * *
Gastronok convulses!
Gastronok waves his eye-stalks in wide circles.
The air twists around and strikes you!!
You die...

.#...................(...(
#......................)..
#.................w......
#...................(....
#...................P#...
#...............#(..## #(
#........#.#...###.##
#..#...#.##........(#
#..<...#@.....###..
#.......#...P...#..#
#...........P.##. #_
###..####....... . ###.
P...#.##. .. >.....# ..
......


P.P ###### You could see Gastronok.

Vanquished Creatures
  A hydra (Lair:2)
  2 two-headed ogres (D:9)
  Sonja (Lair:3)
  A necromancer (Lair:2)
  2 cane toads (Lair:1)
  A komodo dragon (D:9)
  A polar bear (Lair:2)
  Grinder (D:3)
  A wyvern (D:8)
  A basilisk (Lair:2)
  6 yaks (Lair:1)
  3 nagas (Lair:2)
  An acid dragon (D:9)
  8 water moccasins
  A black bear (Lair:1)
  3 orc warriors
  4 necrophages
  2 ice beasts (D:6)
  A sky beast (D:6)
  A swamp drake (Lair:2)
  3 ogres
  3 centaurs
  A phantom (D:3)
  3 kobold brigands
  A scorpion (D:6)
  A wyvern zombie (D:9)
  9 bullfrogs
  4 killer bees (D:9)
  15 wights
  4 howler monkeys
  A centaur zombie (D:9)
  4 hounds
  A gnoll shaman (D:3)
  2 jellies (D:6)
  2 orc priests
  A bullfrog skeleton (D:7)
  A centaur skeleton (D:7)
  Jessica (D:2)
  Natasha (thrice) (D:2)
  4 orc wizards
  A yak simulacrum (Lair:2)
  2 polar bear simulacra (Lair:2)
  5 wolf simulacra (Lair:2)
  A killer bee zombie (D:6)
  2 howler monkey zombies
  Robin (D:2)
  14 gnolls
  12 adders
  3 ufetubi
  An adder skeleton (D:4)
  5 worms
  3 dart slugs
  42 orcs
  5 endoplasms
  7 giant cockroaches
  9 hobgoblins
  11 jackals (D:3)
  4 quokkas
  7 ball pythons
  7 bats
  3 frilled lizards
  7 goblins
  13 kobolds
  13 rats
  3 river rat simulacra (Lair:2)
287 creatures vanquished.

Vanquished Creatures (others)
  An orc wizard (D:3)
  6 fungi
  A lurking horror (Lair:3)
  19 plants
27 creatures vanquished.

Grand Total: 314 creatures vanquished

Notes
Turn   | Place    | Note
-------+----------+-------------------------------------------
     0 | D:1      | pkoi the Minotaur Hunter began the quest for the Orb.
     0 | D:1      | Reached XP level 1. HP: 18/18 MP: 0/0
   151 | D:1      | Reached XP level 2. HP: 25/25 MP: 1/1
   168 | D:1      | Reached skill level 5 in Bows
   734 | D:1      | Reached XP level 3. HP: 30/30 MP: 2/2
   896 | D:2      | Noticed Natasha
   902 | D:2      | Killed Natasha
   903 | D:2      | Reached skill level 6 in Bows
  1256 | D:2      | Reached XP level 4. HP: 30/37 MP: 3/3
  1922 | D:2      | Noticed Natasha
  2036 | D:2      | Killed Natasha
  2355 | D:2      | Noticed Natasha
  2363 | D:2      | Killed Natasha
  2498 | D:2      | Reached skill level 7 in Bows
  2498 | D:2      | Reached XP level 5. HP: 42/42 MP: 4/4
  2501 | D:2      | Noticed Robin
  2502 | D:2      | Killed Robin
  2603 | D:2      | Found a faded altar of an unknown god.
  2711 | D:2      | Found an ornate altar of the Wu Jian Council.
  2713 | D:2      | Noticed Jessica
  2720 | D:2      | Killed Jessica
  3169 | D:3      | Found a runed translucent door.
  3193 | D:3      | Noticed Crazy Yiuf
  3206 | D:3      | Noticed Grinder
  3212 | D:3      | Noticed a phantom
  3217 | D:3      | Killed Grinder
  3218 | D:3      | Reached skill level 8 in Bows
  3218 | D:3      | Reached XP level 6. HP: 50/50 MP: 5/5
  3232 | D:3      | Reached skill level 9 in Bows
  3621 | D:3      | Reached XP level 7. HP: 11/56 MP: 6/6
  4552 | D:3      | Reached skill level 10 in Bows
  6370 | D:4      | Found a staircase to the Ecumenical Temple.
  6387 | Temple   | Entered the Ecumenical Temple
  6740 | Temple   | Became a worshipper of Dithmenos the Shadowed
  7018 | D:4      | Reached skill level 1 in Stealth
  7536 | D:5      | Entered Level 5 of the Dungeon
  7598 | D:5      | Reached skill level 1 in Armour
  7599 | D:5      | HP: 2/56 [water moccasin (6)]
  7602 | D:5      | Reached XP level 8. HP: 22/63 MP: 7/7
  8742 | D:6      | Reached skill level 11 in Bows
  8744 | D:6      | Reached * piety under Dithmenos
  9372 | D:6      | Found a runed translucent gate.
  9372 | D:6      | Found a runed translucent gate.
  9372 | D:6      | Found a runed translucent gate.
  9490 | D:6      | Reached skill level 5 in Fighting
  9715 | D:6      | Reached XP level 9. HP: 74/74 MP: 8/8
  9845 | D:6      | Reached ** piety under Dithmenos
  9869 | D:6      | Noticed cbfl8's ghost (weakling MiDe)
  9987 | D:7      | Reached skill level 5 in Dodging
 10683 | D:7      | Reached skill level 12 in Bows
 11042 | D:8      | Gained mutation: Armour fits poorly on your strangely
                  | shaped body. [potion of mutation]
 11042 | D:8      | Gained mutation: Your flesh is cold resistant. (rC+)
                  | [potion of mutation]
 11433 | D:8      | Reached *** piety under Dithmenos
 11462 | D:8      | Found an iron altar of Okawaru.
 11472 | D:8      | Reached skill level 5 in Stealth
 11682 | D:8      | Reached XP level 10. HP: 86/86 MP: 9/9
 11689 | D:8      | Found Faot Femoss's Armour Emporium.
 12093 | D:9      | Noticed a two-headed ogre
 12100 | D:9      | Killed a two-headed ogre
 12586 | D:9      | Found a staircase to the Lair.
 12740 | D:9      | Noticed a two-headed ogre
 12748 | D:9      | Killed a two-headed ogre
 13178 | Lair:1   | Entered Level 1 of the Lair of Beasts
 13195 | Lair:1   | Noticed a cane toad
 13201 | Lair:1   | Killed a cane toad
 13373 | Lair:1   | Identified a scroll of acquirement
 13373 | Lair:1   | Acquired the ring "Ydihinn" {rPois rC- rN+++ Str+5 Dex+6}
 13508 | Lair:1   | Noticed a cane toad
 13513 | Lair:1   | Killed a cane toad
 13609 | Lair:1   | Reached skill level 13 in Bows
 13621 | Lair:1   | Reached **** piety under Dithmenos
 13698 | Lair:1   | Reached XP level 11. HP: 21/97 MP: 10/10
 14689 | Lair:2   | Found a staircase to the Swamp.
 14962 | Lair:2   | Noticed a six-headed hydra
 14969 | Lair:2   | Killed a six-headed hydra
 15081 | Lair:2   | Found a staircase to the Snake Pit.
 15140 | Lair:2   | Noticed a necromancer
 15149 | Lair:2   | Killed a necromancer
 15568 | Lair:3   | Found a corrupted altar of Lugonu.
 15569 | Lair:3   | Noticed Sonja
 15588 | Lair:3   | Noticed Gastronok
 15590 | Lair:3   | Killed Sonja
 15591 | Lair:3   | Reached skill level 10 in Fighting
 15598 | Lair:3   | Killed from afar by Gastronok

Illustrated notes

Levels and vault maps discovered:
D:1:      roderic_dead_forest, layout_rooms
D:2:      layout_loops_ring, hellmonk_ecumenical_altar_inner_sanctum,
          basic_altar, uniq_natasha, uniq_jessica, uniq_robin
D:3:      lemuel_castle_with_subvaults [lemuel_castle_interior_carwin_3],
          layout_loops_ring, uniq_crazy_yiuf_cottage, uniq_grinder
D:4:      layout_loops_cross, minmay_temple_entry_large_hall,
          chequers_serial_rivers_micro_c
D:5:      layout_cave_pools, grunt_ministairs_8
D:6:      layout_rooms, gammafunk_ghost_necromancy, serial_park_tiny_pond,
          dk_rats_in_the_wall
D:7:      layout_basic
D:8:      layout_basic, okawaru_gym_becter, serial_corexii_hall,
          corexii_hall_statues_x, corexii_hall_statues_x,
          chequers_hall_statues_y, serial_shops, nicolae_shop_window_shopping
D:9:      layout_stronghold, david_lair_shrubbed
Temple:   mainiacjoe_temple_circle_huts
Lair:1:   layout_gridlike, serial_bayou_pond_e
Lair:2:   layout_gridlike, minmay_swamp_entry_reptiles,
          minmay_snake_entry_guardpost_small, eino_house_with_fridge,
          infiniplex_staircase_pool_2
Lair:3:   layout_regular_city, chequers_serial_rivers_room_a,
          amcnicky_altar_lugonu_corruption, uniq_sonja, uniq_gastronok,
          uniq_rupert

Skill      XL: |  1  2  3  4  5  6  7  8  9 10 11 |
---------------+----------------------------------+-----
Bows           | 5 6 7 8 9 10 11 12 13 | 13.6
Stealth        | 1 3 5 6 7 |  7.3
Armour         | 1 |  1.4
Fighting       | 3 5 7 9 10 | 10.0
Dodging        | 4 6 8 9 |  9.0

Action                   |  1- 3 |  4- 6 |  7- 9 | 10-12 || total
-------------------------+-------+-------+-------+-------++-------
Melee: Short sword       |    92 |   119 |   136 |       ||   347
       Headbutt          |    13 |    17 |    40 |       ||    70
       Punch             |     1 |       |     1 |       ||     2
       Quarterstaff      |       |       |    69 |       ||    69
 Fire: Shortbow          |     6 |    34 |   239 |   237 ||   516
  Use: Potion            |     1 |     2 |     8 |       ||    11
       Scroll            |       |     2 |     9 |     3 ||    14
 Stab: Sleeping          |       |     3 |       |       ||     3
Armor: Leather armour    |    39 |    30 |    63 |     3 ||   135
Dodge: Dodged            |    62 |    45 |   202 |    23 ||   332
